 Dungeon Crawl Stone Soup version 0.29.1-15-g9cfb28693d (webtiles) character file.

Game seed: 9314689669355607349

273 javelincjr the Magician (level 6, -6/42 HPs)
             Began as a Djinni Conjurer on Mar 2, 2023.
             Killed by miscasting Iskenderun's Mystic Blast (14 damage)
             ... on level 4 of the Dungeon.
             The game lasted 00:12:08 (4840 turns).

javelincjr the Magician (Djinni Conjurer)           Turns: 4840, Time: 00:12:08

Health: -6/42      AC:  7    Str:  8    XL:     6   Next: 48%
Gold:   206        EV: 12    Int: 19    God:
                   SH:  3    Dex: 12

rFire   + + .      SeeInvis .   E - +1 whip (vamp)
rCold   x . .      Faith    .   C - +0 buckler
rNeg    . . .      Spirit   .   t - +3 leather armour
rPois   ∞          Reflect  .   (no helmet)
rElec   .          Harm     .   m - scarf {repulsion}
rCorr   .          Rampage  .   h - +0 pair of gloves
Will    .....                   (boots unavailable)
Stlth   ++........              (no amulet)
HPRegen 0.14/turn               (no ring)
MPRegen 0.00/turn               (no ring)

@: flying, very slightly contaminated, repel missiles
A: sickness immunity, fire resistance 2, cold vulnerability 1, float, innate
caster, HP casting, extra vitality 1
a: no special abilities


You were on level 4 of the Dungeon.
You visited 1 branch of the dungeon, and saw 4 of its levels.

You collected 206 gold pieces.

Inventory:

Hand Weapons
 d - a +1 whip of flaming
 l - a +1 short sword of speed
 p - a +4 club
 u - a +3 flail of protection
 E - a +1 vampiric whip (weapon)
Armour
 a - a +0 robe
 h - a +0 pair of gloves (worn)
 m - a scarf of repulsion (worn)
 q - a +2 robe of cold resistance
 t - a +3 leather armour (worn)
 C - a +0 buckler (worn)
Magical Staves
 g - a staff of fire
 B - a staff of poison
Jewellery
 s - a ring of wizardry
Wands
 o - a wand of flame (26)
Scrolls
 f - 3 scrolls of teleportation
 i - a scroll of fog
 n - a scroll of poison
 D - 3 scrolls of enchant armour
Potions
 c - a potion of flight {unknown}
 e - 2 potions of curing {unknown}
 j - a potion of berserk rage {unknown}
 r - a potion of magic {unknown}
 v - a potion of resistance
 x - a potion of invisibility {unknown}
 z - 2 potions of degeneration {unknown}
 A - 2 potions of ambrosia {unknown}


   Skills:
 * Level 1.2 Fighting
 + Level 0.6 Armour
 + Level 4.0 Dodging
 + Level 3.2 Stealth
 + Level 0.3 Shields
 * Level 4.2 Spellcasting


You couldn't memorise any spells.
You knew the following spells:

 Your Spells              Type           Power      Damage    Failure   Level
a - Magic Dart            Conj           80%        1d7       4%          1
b - Searing Ray           Conj           40%        2d5       7%          2
c - Dazzling Flash        Conj/Hex       40%        N/A       14%         3
d - Fulminant Prism       Conj/Hex       10%        3d9       43%         4
e - Iskenderun's Mystic   Conj/Tloc      20%        2d6       43%         4
f - Slow                  Hex            80%        N/A       4%          1
g - Call Imp              Summ           20%        N/A       7%          2
Your spell library was empty.

Dungeon Overview and Level Annotations

Branches:
Dungeon (4/15)
 Temple: D:4-7

Altars:

Shops:
D:2 [


Innate Abilities, Weirdness & Mutations

You are immune to sickness and miasma.
You are immune to poison.
Your flesh is very heat resistant. (rF++)
You are vulnerable to cold. (rC-)
You float through the air rather than walking.
You learn spells naturally, not from books.
Your magical power is your life essence.
You have superior vitality. (+4 MHP)


Message History

The orc wizard flickers and vanishes!
Deactivating autopickup; reactivate with Ctrl-A.
The orc misses you. The scorpion barely misses you.
You hit the orc.
You feel better.
You kill the orc!
You block the scorpion's attack.
The orc wizard gestures at you while chanting.
You are confused.
You are too confused!
The scorpion closely misses you. The scorpion closely misses you.
The orc wizard completely misses you.
Things that are here:
a +0 dagger; a kobold corpse The orc wizard attacks as you move away!
The orc wizard hits you but does no damage.
Something barely misses you.
You closely miss the orc wizard. The scorpion closely misses you.
You hear some strange, mumbled words.
A magic dart appears from out of thin air!
The magic dart hits you.
You miss the orc wizard. The scorpion completely misses you.
Something hits you but does no damage. The orc barely misses you.
The orc wizard hits you but does no damage.
The scorpion stings you.
You closely miss the scorpion. The orc wizard barely misses you.
You hear some strange, mumbled words.
A magic dart appears from out of thin air!
The magic dart hits you!
* * * LOW HITPOINT WARNING * * *
The orc hits you but does no damage.
The scorpion stings you but does no damage.
The scorpion attacks as you move away! The scorpion misses you.
You feel less confused.
Casting: Magic Dart (safe; 4% risk of failure)
Confirm with . or Enter, or press ? or * to list all spells.
The spell is extremely dangerous to miscast (43% risk of failure)!
Continue anyway?
You miscast Iskenderun's Mystic Blast.
You are very lightly contaminated with residual magic.
You feel a strange surge of energy!
You die...

...........##
............##
.............#
.............#
..<..........#
.......†.)†..#
.........)..#
...#.so†..#
.####@.o..#
##....# .....#
......#
.......#
....#### ...##


You could see a scorpion, an orc wizard and an orc.

Vanquished Creatures
  A hound (D:4)
  Jessica (D:2)
  Terence (D:3)
  A gnoll (D:1)
  8 adders
  An ufetubus (D:4)
  3 worms (D:3)
  3 dart slugs
  4 orcs
  9 ball pythons
  8 endoplasms
  4 giant cockroaches
  5 goblins
  10 hobgoblins
  3 jackals
  4 quokkas
  4 bats
  3 frilled lizards
  10 kobolds
  6 rats
89 creatures vanquished.

Vanquished Creatures (others)
  2 plants (D:2)
2 creatures vanquished.

Grand Total: 91 creatures vanquished

Notes
Turn   | Place    | Note
-------+----------+-------------------------------------------
     0 | D:1      | javelincjr the Djinni Conjurer began the quest for the Orb.
     0 | D:1      | javelincjr set off with the following spells memorised:
                  | Magic Dart, Searing Ray, Dazzling Flash, Fulminant Prism,
                  | Iskenderun's Mystic Blast.
     0 | D:1      | Reached XP level 1. HP: 15/15 MP: 0/0
   254 | D:1      | Reached XP level 2. HP: 17/21 MP: 0/0
   745 | D:1      | Reached XP level 3. HP: 20/25 MP: 0/0
   745 | D:1      | Learned a level 1 spell: Slow
  1749 | D:2      | Found a faded altar of an unknown god.
  2012 | D:2      | Reached XP level 4. HP: 30/31 MP: 0/0
  2471 | D:2      | Noticed Jessica
  2474 | D:2      | Killed Jessica
  2475 | D:2      | Reached XP level 5. HP: 31/35 MP: 0/0
  2475 | D:2      | Learned a level 2 spell: Call Imp
  2546 | D:2      | Found Duideepe's Antique Armour Emporium.
  3407 | D:3      | Noticed Terence
  3423 | D:3      | Killed Terence
  4269 | D:3      | Reached XP level 6. HP: 39/41 MP: 0/0
  4817 | D:4      | Reached skill level 1 in Fighting
  4840 | D:4      | Killed by miscasting Iskenderun's Mystic Blast

Illustrated notes

Levels and vault maps discovered:
D:1:      moated_graveyard_arrival, layout_basic, minmay_pentomino_q4
D:2:      layout_loops_ring, serial_shops, nicolae_shop_overgrown_old_shop,
          ebering_ecumenical_altar_mist, uniq_jessica
D:3:      minmay_thinvault, layout_basic, uniq_terence
D:4:      layout_cave_pools, mainiacjoe_overflow_surrounded_room,
          kennysheep_dice

Skill      XL: |  1  2  3  4  5  6 |
---------------+-------------------+-----
Stealth        | 2 3 |  3.2
Dodging        | 3 4 |  4.0
Spellcasting   | 4 |  4.2
Fighting       | 1 |  1.2
Armour         | |  0.6
Shields        | |  0.3

Action                   |  1- 3 |  4- 6 || total
-------------------------+-------+-------++-------
Melee: Whip              |     1 |     7 ||     8
       Short sword       |       |     4 ||     4
 Cast: Magic Dart        |    70 |   107 ||   177
       Searing Ray       |     1 |    16 ||    17
  Use: Scroll            |       |     7 ||     7
Armor: Robe              |     2 |     6 ||     8
       Leather armour    |       |    11 ||    11
Dodge: Dodged            |     9 |    35 ||    44
Block: Buckler           |       |     2 ||     2
